 Dungeon Crawl Stone Soup version 0.30.1-9-gdf580d7c3d (webtiles) character file.

Game seed: 96589592156270412

196 KittyFluff the Trooper (level 5, 0/34 HPs)
             Began as a Gargoyle Berserker on Oct 15, 2023.
             Was a Believer of Trog.
             Slain by a gnoll
             ... wielding a +0 whip
              (1 damage)
             ... on level 3 of the Dungeon.
             The game lasted 00:09:07 (2403 turns).

KittyFluff the Trooper (Gargoyle Berserker)         Turns: 2403, Time: 00:09:08

Health: 0/34       AC:  9    Str: 35    XL:     5   Next: 74%
Magic:  5/5        EV: 12    Int:  7    God:    Trog [**....]
Gold:   104        SH:  0    Dex:  9    Spells: 4/4 levels left

rFire   . . .        a - +0 mace
rCold   . . .        (no shield)
rNeg    + . .        c - +0 leather armour
rPois   ∞            (no helmet)
rElec   +            t - +0 cloak
rCorr   .            (no gloves)
SInv    .            i - +0 pair of boots
Will    .....        (no amulet)
Stlth   +            k - +6 ring of strength
HPRegen 0.25/turn    s - +6 ring of strength
MPRegen 0.09/turn

%: no passive effects
@: no status effects
A: sickness immunity, AC +4, negative energy resistance 1, electricity
resistance, torment resistance 1, petrification resistance
a: Renounce Religion, Berserk, Trog's Hand


You were on level 3 of the Dungeon.
You worshipped Trog.
Trog was pleased with you.
You visited 1 branch of the dungeon, and saw 3 of its levels.

You collected 208 gold pieces.
You spent 104 gold pieces at shops.

Inventory:

Hand Weapons
 a - a +0 mace (weapon)
 q - a +0 sling
Missiles
 u - 4 poisoned darts (quivered)
Armour
 c - a +0 leather armour (worn)
 i - a +0 pair of boots (worn)
 t - a +0 cloak (worn)
Jewellery
 k - a +6 ring of strength (left hand)
 s - a +6 ring of strength (right hand)
Scrolls
 d - a scroll of enchant weapon {unknown}
 e - 2 scrolls of teleportation
 f - a scroll of blinking {unknown}
 g - 2 scrolls of identify {unknown}
 h - 2 scrolls of immolation {unknown}
 j - 2 scrolls of magic mapping {unknown}
Potions
 b - a potion of haste {unknown}
 l - a potion of curing {unknown}
 m - a potion of lignification {unknown}
 n - 3 potions of heal wounds
 o - a potion of might {unknown}
 p - 2 potions of degeneration {unknown}
 r - a potion of invisibility {unknown}


   Skills:
 + Level 4.4 Fighting
 + Level 4.0 Maces & Flails
 + Level 3.5 Armour
 + Level 2.7 Dodging


You had 4 spell levels left.
You didn't know any spells.
Your spell library was empty.

Dungeon Overview and Level Annotations

Branches:
Dungeon (3/15)

Altars:
Ashenzari

Shops:
D:1 *


Innate Abilities, Weirdness & Mutations

You are immune to sickness and miasma.
Your stone body is resilient. (AC +4)
You are immune to poison.
You resist negative energy. (rN+)
You are resistant to electric shocks. (rElec)
You are resistant to unholy torment.
You are immune to petrification.


Message History

The gnoll is heavily wounded.
The gnoll hits you with a +0 spear. The gnoll barely misses you.
You hit the gnoll.
The gnoll is severely wounded.
The gnoll closely misses you.
You completely miss the gnoll.
The gnoll is severely wounded.
The gnoll barely misses you.
You closely miss the gnoll.
The gnoll is severely wounded.
The gnoll hits you but does no damage.
You barely miss the gnoll.
The gnoll is severely wounded.
The gnoll hits you with a +0 spear!
You hit the gnoll.
You kill the gnoll!
Trog accepts your kill.
Things that are here:
a +0 spear; a gnoll corpse
Found a club.
You see here 4 poisoned darts.
u - 4 poisoned darts A gnoll comes into view.
It is wielding a +0 halberd.
The gnoll shouts!
You hear a shout!
The gnoll barely misses you. The gnoll barely misses you.
A gnoll comes into view. It is wielding a +0 whip.
The gnoll hits you from afar with a +0 halberd.
The gnoll barely misses you.
Things that are here:
a +0 spear; a gnoll corpse The gnoll hits you from afar with a +0 halberd.
Items here: )) ††.
The gnoll hits you with a +0 whip.
The gnoll hits you from afar with a +0 halberd!
* * * LOW HITPOINT WARNING * * *
You hit the gnoll.
The gnoll is lightly wounded.
The gnoll hits you with a +0 whip.
You die...

#.....# #.#
##.###.#### #.....#
#.# #.#.## #######
#.# #.## #.# ###
#.# #.# #.#
###.###########
#.......@gg.).#
#.#.#########)#####
##....## #.......#
#......# #g#.###.#
.....#...## #.#...
.# .###....##
#.###.#)# ####.# #g
.#.# #.# #. #.# #+#
#. .#


You could see 2 gnolls.

Vanquished Creatures
  The ghost of Nedac819 the Basher, an amateur MeWn (D:3)
  2 gnolls (D:3)
  2 adders
  2 dart slugs
  An orc (D:3)
  8 ball pythons
  6 endoplasms
  6 giant cockroaches
  12 goblins
  3 hobgoblins
  3 quokkas
  7 bats
  A frilled lizard (D:1)
  7 kobolds
  5 rats
66 creatures vanquished.

Notes
Turn   | Place    | Note
-------+----------+-------------------------------------------
     0 | D:1      | KittyFluff the Gargoyle Berserker began the quest for the
                  | Orb.
     0 | D:1      | Reached XP level 1. HP: 14/14 MP: 1/1
   330 | D:1      | Reached XP level 2. HP: 18/19 MP: 2/2
   958 | D:1      | Found Qigoq's General Store.
   964 | D:1      | Reached XP level 3. HP: 23/23 MP: 3/3
  1023 | D:1      | Reached ** piety under Trog
  1083 | D:1      | Bought a scroll of teleportation for 39 gold pieces
  1083 | D:1      | Bought a potion of heal wounds for 65 gold pieces
  1200 | D:2      | Found a broken altar of Ashenzari.
  1352 | D:2      | Reached XP level 4. HP: 29/29 MP: 4/4
  1611 | D:3      | Found a runed translucent door.
  1615 | D:3      | Noticed Nedac819's ghost (amateur MeWn)
  1637 | D:3      | Killed Nedac819's ghost
  1638 | D:3      | Reached XP level 5. HP: 16/33 MP: 5/5
  2402 | D:3      | HP: 1/34 [gnoll/+0 halberd (13)]
  2403 | D:3      | Slain by a gnoll

Illustrated notes

Levels and vault maps discovered:
D:1:      dpeg_arrival_oval, layout_loops_corners, serial_shops, shop,
          minmay_split_cup_large
D:2:      layout_rooms, basic_altar, nicolae_concentric_dashed_squares_mild
D:3:      layout_loops_corners, ebering_ghost_reflecting_pool,
          kennysheep_generic_room_5

Skill      XL: |  1  2  3  4  5 |
---------------+----------------+-----
Dodging        | 2 |  2.7
Fighting       | 4 |  4.4
Armour         | 3 |  3.5
Maces & Flails | 4 |  4.0

Action                     |  1- 3 |  4- 6 || total
---------------------------+-------+-------++-------
  Melee: Mace              |   130 |    76 ||   206
 Invoke: Berserk           |       |     1 ||     1
 Armour: Leather armour    |    79 |    26 ||   105
  Dodge: Dodged            |    85 |    37 ||   122
